 Dungeon Crawl Stone Soup version 0.31-a0-963-ga325b2283a (webtiles) character file.

Game seed: 6701351042695870851

1002 Mgcat the Chopper (level 8, -2/69 HPs)
             Began as a Meteoran Fighter on Oct 25, 2023.
             Was a Follower of Ru.
             Slain by a scorpion (3 damage)
             ... on level 6 of the Dungeon.
             The game lasted 00:05:46 (2736 turns).

Mgcat the Chopper (Meteoran Fighter)                Turns: 2736, Time: 00:05:46

Health: -2/69      AC:  7    Str: 19    XL:     8   Next: 71%
Magic:  9/9        EV:  9    Int: 11    God:    Ru [*.....]
Gold:   277        SH:  5    Dex: 13    Spells: 7/7 levels left

rFire   . . .        a - +0 war axe
rCold   . . .        c - +0 buckler
rNeg    . . .        b - +0 scale mail
rPois   .            (no helmet)
rElec   .            (no cloak)
rCorr   .            (no gloves)
SInv    +            (no boots)
Will    +....        j - amulet of regeneration {+regen, !d} Stlth
                     h - ring of see invisible {sInv, !d}
HPRegen 1.11/turn    (no ring)
MPRegen 0.11/turn

%: no passive effects
@: brilliant, lethally poisoned (-2 -> -7), glowing
A: sense surroundings 1, no hexes magic, no necromancy magic, no poison magic,
otherworldly, glowing, explore regen
a: Renounce Religion


You were on level 6 of the Dungeon.
You worshipped Ru.
Ru was aware of your devotion.
You visited 1 branch of the dungeon, and saw 6 of its levels.

You collected 277 gold pieces.

Inventory:

Hand Weapons
 a - a +0 war axe (weapon)
Armour
 b - a +0 scale mail (worn)
 c - a +0 buckler (worn)
Magical Staves
 p - a staff of conjuration {!a}
   (You found it on level 4 of the Dungeon)
Jewellery
 h - a ring of see invisible (left hand) {sInv, !d}
   (You found it on level 1 of the Dungeon)
 j - an amulet of regeneration (around neck) {+regen, !d}
   (You found it on level 3 of the Dungeon)
Wands
 i - a wand of paralysis (7)
   (You found it on level 5 of the Dungeon)
 n - a wand of flame (14)
   (You found it on level 3 of the Dungeon)
Potions
 d - a potion of enlightenment {unknown}
 e - 4 potions of curing {unknown}
 g - a potion of lignification {unknown}
 k - 2 potions of invisibility
 l - a potion of brilliance
 m - 2 potions of degeneration {unknown}
 o - a potion of ambrosia {unknown}


   Skills:
 + Level 5.6 Fighting
 * Level 7.4 Axes
 + Level 5.5 Armour
 + Level 5.5 Shields


You had 7 spell levels left.
You didn't know any spells.
Your spell library contained the following spells:

 Spells                   Type           Power      Damage    Failure   Level
 Summon Small Mammal      Summ           0%         N/A       77%         1
 Call Canine Familiar     Summ           0%         N/A       98%         3
 Frozen Ramparts          Ice            0%         1d1       98%         3
 Hailstorm                Conj/Ice       0%         3d3       98%         3
 Manifold Assault         Tloc           0%         N/A       100%        4
 Petrify                  Tmut/Erth      0%         N/A       100%        4
 Summon Ice Beast         Ice/Summ       0%         N/A       100%        4
 Freezing Cloud           Conj/Ice/Air   0%         6-21      100%        5
 Dispersal                Tloc           0%         N/A       100%        6
 Disjunction              Tloc           0%         N/A       100%        8
 Poisonous Vapours        Pois/Air       Unusable   N/A       N/A         2
 Mephitic Cloud           Conj/Pois/Air  Unusable   N/A       N/A         3
 Summon Guardian Golem    Hex/Summ       Unusable   N/A       N/A         3
 Metabolic Englaciation   Hex/Ice        Unusable   N/A       N/A         5
 Simulacrum               Ice/Necr       Unusable   N/A       N/A         6

Dungeon Overview and Level Annotations

Branches:
Dungeon (6/15) Zot: 763    Temple (0/1) D:4

Altars:
Cheibriados
Ru
Vehumet

Annotations:
D:4 3 runed translucent doors, 1Anon's ghost, amateur HOFi
D:5 2 transporters, Sapher's ghost, amateur MeEE
D:6 Maggie


Innate Abilities, Weirdness & Mutations

You passively map a small area around you.
You cannot study or cast Hexes magic.
You cannot study or cast Necromancy magic.
You cannot study or cast Poison magic.
You are easily found by Zot.
You glow in the dark.
You regain HP and MP as you explore.


Message History

Maggie attempts to bespell you! You resist with almost no effort.
You take 1 damage, and have 68/69 hp.
Warning x2: The white imp can cast Throw Frost!
The ice beast can hit for moderate damage in melee!
You hit Maggie but do no damage. You slash the ice beast!
You hit the white imp but do no damage. You slash the sky beast!
You block the sky beast's attack. The white imp gestures at you.
The puff of frost hits you.
The ice beast hits you but does no damage.
Maggie misses you. You block the sky beast's attack.
You take 3 damage, and have 65/69 hp.
Warning x2: The white imp can cast Throw Frost!
The ice beast can hit for moderate damage in melee!
You closely miss Maggie. You hit the sky beast but do no damage.
You closely miss the ice beast. You barely miss the white imp.
The white imp hits you but does no damage.
The ice beast hits you but does no damage.
Maggie hits you with a +2 broad axe of flaming.
Maggie burns you. The sky beast completely misses you.
Maggie says, "Have you seen any dragons?"
Maggie hits you with a +2 broad axe of flaming!
Maggie burns you. The ice beast closely misses you.
The white imp laughs crazily.
The white imp hits you but does no damage.
You take 17 damage, and have 48/69 hp.
MASSIVE DAMAGE!!
Warning x2: The white imp can cast Throw Frost!
The ice beast can hit for moderate damage in melee!
You hit Maggie but do no damage. You hit the white imp but do no damage.
You slash the sky beast! You barely miss the ice beast.
The scorpion stings you.
You are poisoned.
The scorpion poisons you! You block the sky beast's attack.
You block the white imp's attack.
Maggie hits you with a +2 broad axe of flaming.
Maggie burns you. The ice beast hits you. The ice beast freezes you!
You take 18 damage, and have 30/69 hp.
MASSIVE DAMAGE!!
Warning x2: The white imp can cast Throw Frost!
The ice beast can hit for moderate damage in melee!
You barely miss Maggie. You hit the sky beast but do no damage.
You barely miss the ice beast. You hit the white imp but do no damage.
You closely miss the scorpion.
You feel very sick.
The scorpion stings you but does no damage.
The sky beast hits you. The sky beast shocks you.
The white imp closely misses you.
Maggie hits you with a +2 broad axe of flaming!
* * * LOW HITPOINT WARNING * * *
Maggie burns you.
* * * LOW HITPOINT WARNING * * *
The ice beast barely misses you.
You take 16 damage, and have 14/69 hp.
MASSIVE DAMAGE!!
Warning x2: The white imp can cast Throw Frost!
The ice beast can hit for moderate damage in melee!
Your body glows too brightly to become invisible.
Warning x2: The white imp can cast Throw Frost!
The ice beast can hit for moderate damage in melee!
Unknown command.
Warning x2: The white imp can cast Throw Frost!
The ice beast can hit for moderate damage in melee!
Unknown command.
Warning x2: The white imp can cast Throw Frost!
The ice beast can hit for moderate damage in melee!
It was a potion of brilliance.
You feel clever all of a sudden.
You feel sick. The scorpion stings you.
* * * LOW HITPOINT WARNING * * *
You are more poisoned.
The scorpion poisons you!
The sky beast flickers out of sight for a moment.
The sky beast hits you.
* * * LOW HITPOINT WARNING * * *
The sky beast shocks you.
* * * LOW HITPOINT WARNING * * *
The white imp closely misses you. Maggie completely misses you.
The ice beast hits you but does no damage.
You take 9 damage, and have 5/69 hp.
Warning x2: The white imp can cast Throw Frost!
The ice beast can hit for moderate damage in melee!
Unknown command.
Warning x2: The white imp can cast Throw Frost!
The ice beast can hit for moderate damage in melee!
Unknown command.
Warning x2: The white imp can cast Throw Frost!
The ice beast can hit for moderate damage in melee!
Unknown command.
Warning x2: The white imp can cast Throw Frost!
The ice beast can hit for moderate damage in melee!
Unknown command.
Warning x2: The white imp can cast Throw Frost!
The ice beast can hit for moderate damage in melee!
Unknown command.
Warning x2: The white imp can cast Throw Frost!
The ice beast can hit for moderate damage in melee!
Unknown command.
Warning x2: The white imp can cast Throw Frost!
The ice beast can hit for moderate damage in melee!
Unknown command.
Warning x2: The white imp can cast Throw Frost!
The ice beast can hit for moderate damage in melee!
Unknown command.
Warning x2: The white imp can cast Throw Frost!
The ice beast can hit for moderate damage in melee!
Unknown command.
Warning x2: The white imp can cast Throw Frost!
The ice beast can hit for moderate damage in melee!
Unknown command.
Warning x2: The white imp can cast Throw Frost!
The ice beast can hit for moderate damage in melee!
You closely miss Maggie. You miss the sky beast. You hit the ice beast.
You kill the ice beast!
You barely miss the white imp. You hit the scorpion but do no damage.
* * * LOW HITPOINT WARNING * * *
You feel very sick.
The scorpion stings you but does no damage.
The sky beast hits you but does no damage.
You block the white imp's attack. Maggie hits you but does no damage.
The scorpion stings you.
You die...

* .... .... .# *
.....###...#.[#
...........#.$.
,
,...............
,
...^#........!.,
,, .............
,, , #.s@.......
, , ##.@....# *
#..Y5..##
#.......# ,
#...[...# ,
#.......... ,
##>....#...
##...##... ,
##### .. , , *


You could see Maggie, a sky beast (invisible), a scorpion and a white imp.

Vanquished Creatures
  Sigmund (D:5)
  A black bear (D:5)
  2 ice beasts
  A phantom (D:5)
  2 scorpions (D:4)
  A hound (D:4)
  An orc priest (D:5)
  4 iguanas
  4 orc wizards
  A gnoll (D:5)
  8 adders
  A shadow imp (D:5)
  A worm (D:4)
  4 dart slugs
  19 orcs
  8 ball pythons
  2 bats (D:3)
  6 endoplasms
  A giant cockroach (D:4)
  5 goblins
  5 hobgoblins
  2 jackals (D:2)
  3 kobolds
  7 quokkas
  3 frilled lizards
  5 rats
98 creatures vanquished.

Notes
Turn   | Place    | Note
-------+----------+-------------------------------------------
     0 | D:1      | Mgcat the Meteoran Fighter began the quest for the Orb.
     0 | D:1      | Reached XP level 1. HP: 19/19 MP: 2/2
    41 | D:1      | Reached XP level 2. HP: 23/26 MP: 3/3
   171 | D:1      | Reached skill level 3 in Axes
   221 | D:1      | Reached XP level 3. HP: 31/31 MP: 4/4
  1043 | D:3      | HP: 5/31 [orc/+0 mace (7)]
  1044 | D:3      | HP: 1/31 [adder (2)]
  1047 | D:3      | Reached XP level 4. HP: 35/40 MP: 5/5
  1134 | D:3      | Found a sacrificial altar of Ru.
  1143 | D:3      | Reached XP level 5. HP: 46/46 MP: 6/6
  1150 | D:3      | Reached skill level 4 in Axes
  1150 | D:3      | Became a worshipper of Ru the Awakened
  1256 | D:3      | Reached skill level 4 in Armour
  1267 | D:3      | Reached skill level 4 in Fighting
  1278 | D:3      | Reached skill level 4 in Shields
  1644 | D:3      | Glimpsed the power of Zot.
  1666 | D:4      | Found a staircase to the Ecumenical Temple.
  1732 | D:4      | Reached XP level 6. HP: 35/52 MP: 7/7
  1736 | D:4      | HP: 13/52 [poisoned by a scorpion]
  1741 | D:4      | HP: 11/53 [poisoned by a scorpion]
  1805 | D:4      | Reached skill level 5 in Axes
  1817 | D:4      | Found a snail-covered altar of Cheibriados.
  1827 | D:4      | Found a runed translucent gate.
  1997 | D:4      | Found a runed translucent gate.
  1998 | D:4      | Found a runed translucent gate.
  2000 | D:4      | Noticed 1Anon's ghost (amateur HOFi)
  2049 | D:5      | Entered Level 5 of the Dungeon
  2049 | D:5      | Noticed Sigmund
  2050 | D:5      | Gained mutation: You cannot study or cast Poison magic. [Ru
                  | sacrifice]
  2050 | D:5      | Gained mutation: You cannot study or cast Hexes magic. [Ru
                  | sacrifice]
  2050 | D:5      | Gained mutation: You cannot study or cast Necromancy magic.
                  | [Ru sacrifice]
  2050 | D:5      | Reached * piety under Ru
  2061 | D:4      | HP: 8/53 [orc wizard/puff of flame (6)]
  2062 | D:4      | Reached XP level 7. HP: 9/60 MP: 8/8
  2063 | D:4      | HP: 1/60 [iguana (5)]
  2069 | D:4      | HP: 14/60 [iguana (3)]
  2131 | D:5      | Killed Sigmund
  2132 | D:5      | Reached skill level 6 in Axes
  2151 | D:5      | Reached skill level 5 in Fighting
  2189 | D:5      | Reached skill level 5 in Armour
  2189 | D:5      | Reached skill level 5 in Shields
  2189 | D:5      | Reached XP level 8. HP: 65/68 MP: 9/9
  2243 | D:5      | Found a radiant altar of Vehumet.
  2327 | D:5      | Found a transporter.
  2327 | D:5      | Found a transporter.
  2328 | D:5      | Noticed Sapher's ghost (amateur MeEE)
  2365 | D:5      | Reached skill level 7 in Axes
  2532 | D:6      | Noticed Maggie
  2734 | D:6      | HP: 15/69 [Maggie/+2 broad axe of flaming (8)]
  2735 | D:6      | HP: 5/69 [sky beast (6)]
  2736 | D:6      | HP: 1/69 [poisoned by a scorpion]
  2736 | D:6      | Slain by a scorpion

Illustrated notes

Levels and vault maps discovered:
D:1:      dpeg_arrival_shrine, layout_rooms, serial_bayou_pond_a
D:2:      layout_loops_corners, dk_noncrumbling_3, minmay_liquid_box,
          serial_bayou_pond_c
D:3:      minmay_diamond_boxcup, layout_basic,
          nicolae_ru_great_annihilating_truth
D:4:      layout_gridville, slow_altar_1, minmay_temple_entry_offerings,
          gammafunk_ghost_nasty_kobolds
D:5:      kennysheep_spiral_hall, layout_rooms, amcnicky_altar_gilded,
          mainiacjoe_overflow_brackets, gammafunk_ghost_smash, uniq_sigmund
D:6:      layout_rooms, dreamdust_gnoll_farm, uniq_maggie

Skill      XL: |  1  2  3  4  5  6  7  8 |
---------------+-------------------------+-----
Axes           | 3 4 5 6 7 |  7.4
Armour         | 4 5 |  5.5
Fighting       | 4 5 |  5.6
Shields        | 4 5 |  5.5

Action                     |  1- 3 |  4- 6 |  7- 9 || total
---------------------------+-------+-------+-------++-------
  Melee: War axe           |    56 |   131 |   138 ||   325
 Invoke: Sacrifice Arcana  |       |     1 |       ||     1
    Use: Potion            |     1 |       |     3 ||     4
         Scroll            |       |       |     1 ||     1
 Armour: Scale mail        |    49 |   105 |   107 ||   261
  Dodge: Dodged            |    27 |    59 |    44 ||   130
  Block: Buckler           |    18 |    31 |    38 ||    87

Table legend: (Time is in decaauts)
 A = Elapsed time spent in this place.
 B = Non-inter-level travel time spent in this place.
 C = Inter-level travel time spent in this place.
 D = Time resting spent in this place.
 E = Time spent auto-exploring this place.
 F = Levels seen in this place.
 G = Mean time per level.
                   A        B        C        D        E       F      G
               +--------+--------+--------+--------+--------+-----+--------+
         Total |   2835 |   2661 |    174 |     94 |   1852 |   6 |  472.5 |
       Dungeon |   2835 |   2661 |    174 |     94 |   1852 |   6 |  472.5 |
               +--------+--------+--------+--------+--------+-----+--------+

Top non-repeatable levels by time:
     D:3: 662 daAuts
     D:2: 643 daAuts
     D:4: 582 daAuts
     D:5: 521 daAuts
     D:1: 411 daAuts
     D:6: 13 daAuts

Levels and vault maps discovered:
D:1:      dpeg_arrival_shrine, layout_rooms, serial_bayou_pond_a
D:2:      layout_loops_corners, dk_noncrumbling_3, minmay_liquid_box,
          serial_bayou_pond_c
D:3:      minmay_diamond_boxcup, layout_basic,
          nicolae_ru_great_annihilating_truth
D:4:      layout_gridville, slow_altar_1, minmay_temple_entry_offerings,
          gammafunk_ghost_nasty_kobolds
D:5:      kennysheep_spiral_hall, layout_rooms, amcnicky_altar_gilded,
          mainiacjoe_overflow_brackets, gammafunk_ghost_smash, uniq_sigmund
D:6:      layout_rooms, dreamdust_gnoll_farm, uniq_maggie

Table legend: (Time is in decaauts)
 A = Elapsed time spent in this place.
 B = Non-inter-level travel time spent in this place.
 C = Inter-level travel time spent in this place.
 D = Time resting spent in this place.
 E = Time spent auto-exploring this place.
 F = Levels seen in this place.
 G = Mean time per level.
                   A        B        C        D        E       F      G
               +--------+--------+--------+--------+--------+-----+--------+
         Total |   2835 |   2661 |    174 |     94 |   1852 |   6 |  472.5 |
       Dungeon |   2835 |   2661 |    174 |     94 |   1852 |   6 |  472.5 |
               +--------+--------+--------+--------+--------+-----+--------+

Top non-repeatable levels by time:
     D:3: 662 daAuts
     D:2: 643 daAuts
     D:4: 582 daAuts
     D:5: 521 daAuts
     D:1: 411 daAuts
     D:6: 13 daAuts

Table legend:
 A = Kills in this place as a percentage of kills in the entire game.
 B = Kills by you in this place as a percentage of kills by you in the entire game.
 C = Kills by friends in this place as a percentage of kills by friends in the entire game.
 D = Other kills in this place as a percentage of other kills in the entire game.
 E = Experience gained in this place as a percentage of experience gained in the entire game.
 F = Experience gained in this place divided by the number of levels of this place that you have seen.
                   A       B       C       D       E      F
               +-------+-------+-------+-------+-------+----------------------
         Total | 100.0 | 100.0 |   N/A |   N/A | 100.0 | 259.3
       Dungeon | 100.0 | 100.0 |   N/A |   N/A | 100.0 | 259.3
               +-------+-------+-------+-------+-------+----------------------
